 Dungeon Crawl Stone Soup version 0.31-a0-704-g1016066182 (webtiles) character file.

Game seed: 3951212624729088657

187 Conn the Sneak (level 5, 0/31 HPs)
             Began as an Octopode Fire Elementalist on Sept 9, 2023.
             Slain by an ogre
             ... wielding a +0 giant spiked club
              (29 damage)
             ... on level 4 of the Dungeon.
             The game lasted 00:05:44 (2565 turns).

Conn the Sneak (Octopode Fire Elementalist)         Turns: 2565, Time: 00:05:45

Health: 0/31       AC:  1    Str:  7    XL:     5   Next: 66%
Magic:  9/9        EV: 13    Int: 20    God:
Gold:   83         SH:  0    Dex: 12    Spells: 3/9 levels left

rFire   . . .        f - +2 morningstar (drain)
rCold   . . .        (no shield)
rNeg    . . .        (helmet restricted)
rPois   .            (no amulet)
rElec   .            (no ring)
rCorr   .            (no ring)
SInv    .            (no ring)
Will    .....        (no ring)
Stlth   ++++         (no ring)
HPRegen 0.25/turn    (no ring)
MPRegen 0.11/turn    (no ring)
                     (no ring)

%: no passive effects
@: no status effects
A: almost no armour, amphibious, 8 rings, camouflage 1, gelatinous body 1,
(nimble swimmer 1), tentacles
a: no special abilities


You were on level 4 of the Dungeon.
You visited 1 branch of the dungeon, and saw 4 of its levels.

You collected 83 gold pieces.

Inventory:

Hand Weapons
 c - a +0 dagger
 f - a +2 morningstar of draining (weapon)
Missiles
 e - 5 atropa-tipped darts (quivered)
Scrolls
 d - a scroll of identify {unknown}
 g - a scroll of teleportation
Potions
 a - a potion of magic
 b - a potion of haste
 h - a potion of curing {unknown}


   Skills:
 + Level 3.0 Dodging
 + Level 4.3 Stealth
 + Level 2.9 Spellcasting
 + Level 2.4 Conjurations
 + Level 3.8 Fire Magic


You had 3 spell levels left.
You knew the following spells:

 Your Spells              Type           Power      Damage    Failure   Level
a - Foxfire               Conj/Fire      60%        2x1d7     4%          1
b - Scorch                Fire           36%        2d6       4%          2
c - Inner Flame           Hex/Fire       10%        N/A       21%         3

Your spell library contained the following spells:

 Spells                   Type           Power      Damage    Failure   Level
 Volatile Blastmotes      Fire/Tloc      20%        2d11      21%         3
 Flame Wave               Conj/Fire      15%        2d7       36%         4


Dungeon Overview and Level Annotations

Branches:
Dungeon (4/15)
 Temple: D:4-7

Altars:
Nemelex Xobeh


Innate Abilities, Weirdness & Mutations

You cannot wear most types of armour.
You are amphibious.
You can wear up to eight rings at the same time.
Your skin changes colour to match your surroundings (Stealth+).
Your rubbery body absorbs attacks. (AC +1, EV +1)
((You are camouflaged when in or above water. (Stealth+)))
You have tentacles for arms and can constrict up to eight enemies at once.


Message History

You conjure some foxfire!
Unknown command.
Unknown command.
The foxfire hits the jackal.
The jackal is almost dead.
The jackal barks!
The foxfire hits the jackal.
You kill the jackal!
The foxfire hits the jackal.
The jackal is almost dead.
The foxfire hits the jackal.
You kill the jackal!
There is a stone staircase leading down here.
There is a stone staircase leading down here.
There is a sparkling altar of Nemelex Xobeh here.
Done exploring.
Done exploring.
There is a stone staircase leading down here.
You climb downwards.
Found a scroll labelled GOUSAI BISCHI and 16 gold pieces.
Found a stone staircase leading down.
There is a stone staircase leading up here.
There are monsters nearby!
The helpless ogre fails to defend itself.
You sock the ogre!
The ogre is heavily wounded.
The orc shouts!
The adder hisses angrily.
The hobgoblin shouts!
The ogre closely misses you. The hobgoblin hits you.
The goblin shouts!
The orc shouts! x2
The endoplasm quivers.
Casting: Foxfire (safe; 4% risk of failure)
Confirm with . or Enter, or press ? or * to list all spells.
Okay, then.
Unknown command.
Unknown command.
The hobgoblin barely misses you.
The quokka bites you but does no damage.
The ogre hits you with a +0 giant spiked club!!
Ouch! That really hurt!
You die...

.. .. #. ### #.
..# ##.#..#
#.....#
###.....#+###
#...g@OS.....
.>?...rg.......
#.#...$........
####.o...J...
#ooo.o....
#.........
#.........
#.........


You could see an ogre, an adder, 5 orcs, an endoplasm, a quokka, a hobgoblin and
a goblin.

Vanquished Creatures
  An orc priest (D:3)
  An orc wizard (D:3)
  6 adders (D:2)
  2 dart slugs
  8 orcs
  9 ball pythons
  An endoplasm (D:1)
  3 giant cockroaches
  5 hobgoblins
  3 jackals (D:3)
  2 quokkas
  8 bats
  4 frilled lizards
  7 goblins
  2 kobolds
  4 rats
66 creatures vanquished.

Vanquished Creatures (others)
  97 foxfires
97 creatures vanquished.

Grand Total: 163 creatures vanquished

Notes
Turn   | Place    | Note
-------+----------+-------------------------------------------
     0 | D:1      | Conn the Octopode Fire Elementalist began the quest for the
                  | Orb.
     0 | D:1      | Reached XP level 1. HP: 11/11 MP: 3/3
   222 | D:1      | Reached XP level 2. HP: 17/17 MP: 5/5
   227 | D:1      | Reached skill level 3 in Stealth
   604 | D:1      | Reached XP level 3. HP: 21/21 MP: 3/6
  1130 | D:2      | Reached XP level 4. HP: 27/27 MP: 2/7
  1217 | D:2      | Learned a level 2 spell: Scorch
  1221 | D:2      | Learned a level 3 spell: Inner Flame
  1808 | D:3      | Reached skill level 4 in Stealth
  1808 | D:3      | Reached XP level 5. HP: 23/31 MP: 0/9
  1813 | D:3      | Found a sparkling altar of Nemelex Xobeh.
  2385 | D:3      | Found a faded altar of an unknown god.
  2563 | D:4      | Noticed an ogre
  2565 | D:4      | Slain by an ogre

Illustrated notes

Levels and vault maps discovered:
D:1:      minmay_arrival_three_doors, layout_basic
D:2:      layout_basic, minmay_shallow_snake_nest
D:3:      layout_rooms, mainiacjoe_overflow_boulevard,
          dilly_ecumenical_altar_fadedgnrine
D:4:      layout_basic, uniq_sigmund, uniq_grinder

Skill      XL: |  1  2  3  4  5 |
---------------+----------------+-----
Stealth        | 3 4 |  4.3
Conjurations   | 2 |  2.4
Dodging        | 3 |  3.0
Spellcasting   | |  2.9
Fire Magic     | |  3.8

Action                     |  1- 3 |  4- 6 || total
---------------------------+-------+-------++-------
  Melee: Unarmed           |     8 |       ||     8
         Constrict         |     9 |     5 ||    14
         Dagger            |    36 |       ||    36
         Tentacles         |     4 |     4 ||     8
         Morningstar       |       |    25 ||    25
  Throw: Dart              |       |     2 ||     2
   Cast: Foxfire           |    28 |    31 ||    59
         Scorch            |       |     6 ||     6
         Inner Flame       |       |     1 ||     1
    Use: Scroll            |       |     2 ||     2
         Potion            |       |     2 ||     2
   Stab: Sleeping          |    11 |     3 ||    14
 Armour: Skin              |    18 |    28 ||    46
  Dodge: Dodged            |    23 |    38 ||    61

Table legend: (Time is in decaauts)
 A = Elapsed time spent in this place.
 B = Non-inter-level travel time spent in this place.
 C = Inter-level travel time spent in this place.
 D = Time resting spent in this place.
 E = Time spent auto-exploring this place.
 F = Levels seen in this place.
 G = Mean time per level.
                   A        B        C        D        E       F      G
               +--------+--------+--------+--------+--------+-----+--------+
         Total |   2559 |   2501 |     58 |     60 |   1837 |   4 |  639.8 |
       Dungeon |   2559 |   2501 |     58 |     60 |   1837 |   4 |  639.8 |
               +--------+--------+--------+--------+--------+-----+--------+

Top non-repeatable levels by time:
     D:2: 1148 daAuts
     D:1: 815 daAuts
     D:3: 593 daAuts
     D:4: 2 daAuts
